Map: Odyssée EC

Players

Leviatan

  • Race: Zerg Zerg
  • League: Gold
  • Spawn Location: 11:00

StarLord - Winner!

  • Race: Protoss Protoss
  • League: Gold
  • Spawn Location: 5:00

VOD

Have the link to the VOD?

Description

Time

  • Played on: Sept. 8, 2017, 1:23 p.m.
  • Length: 14:57
Show
View Real Time Build Order
Export as new Build Order

Leviatan Zerg 

Build Orders: Pool First 

Get SALT Encoding   

  12  0:02  Drone  
  13  0:09  Drone  
  14  0:18  Overlord  
  14  0:34  Spawning Pool  
  13  0:37  Drone  
  13  0:42  Drone  
  15  0:45  Drone  
  17  0:50  Drone  
  17  0:53  Extractor  
  16  1:05  Drone  
  17  1:12  Drone  
  18  1:24  Drone  
  19  1:34  Drone  
  19  1:37  Queen  
  22  1:45  Roach Warren  
  21  1:48  Hatchery  
  21  1:52  Zergling x2  
  21  1:58  Drone  
  22  2:06  Extractor  
  21  2:19  Lair  
  21  2:26  Overlord  
  21  2:31  Drone  
  22  2:47  Roach x4  
  22  2:50  Overlord  
  30  3:04  Drone  
  31  3:06  Queen  
  31  3:09  Drone  
  34  3:14  Zergling x2  
  34  3:18  Drone  
  36  3:28  Ravager x3  
  39  3:34  Zergling x4  
  39  3:37  Drone x2  
  43  3:41  Drone  
  43  3:46  Overlord  
  44  3:58  Overlord  
  44  4:06  Roach  
  44  4:07  Roach, Zergling x4  
  50  4:16  Drone x2  
  52  4:18  Drone  
  52  4:23  Drone  
  54  4:33  Drone x4  
  54  4:35  Drone  
  53  5:17  Roach  
  53  5:18  Roach x2  
  53  5:19  Overlord  
  59  5:46  Roach x3  
  63  5:58  Ravager x2  
  62  6:13  Hatchery  
  58  6:32  Drone x2  
  60  6:50  Drone x2  
  60  6:51  Drone  
  60  6:52  Drone x2  
  65  6:57  Infestation Pit  
  65  6:59  Drone  
  65  7:05  Ravager x3  
  68  7:08  Overlord  
  68  7:09  Overlord  
  68  7:57  Hatchery  
  64  8:22  Roach  
  64  8:23  Roach x5  
  64  8:24  Drone x2  
  78  8:27  Drone  
  78  8:28  Drone x4  
  78  8:29  Drone x3, Queen  
  80  8:45  Overseer  
  69  8:54  Extractor, Overseer  
  43  9:03  Drone x3  
  45  9:16  Drone  
  46  9:18  Drone x3  
  46  9:19  Drone x3  
  46  9:20  Drone  
  53  9:30  Drone  
  54  9:33  Hive  
  54  9:36  Drone x2  
  54  9:37  Drone  
  54  9:38  Drone  
  58  9:44  Drone x2  
  60  9:49  Drone x2  
  62  9:54  Hydralisk Den  
  62  9:55  Drone  
  62  9:56  Drone x3  
  62  9:57  Drone x4  
  62  9:58  Drone  
  70  10:05  Drone  
  70  10:06  Drone x2  
  73  10:07  Drone  
  73  10:09  Drone  
  75  10:15  Drone x3  
  75  10:20  Extractor  
  77  10:22  Extractor  
  77  10:28  Hydralisk x2  
  76  10:29  Hydralisk x2  
  76  10:31  Drone x5  
  76  10:33  Hydralisk  
  91  10:39  Extractor  
  91  10:40  Drone  
  91  10:41  Drone x2  
  93  10:43  Extractor  
  93  10:44  Drone x2  
  93  10:45  Drone  
  95  10:52  Extractor  
  95  10:55  Drone  
  95  10:57  Drone  
  96  11:00  Overlord x2  
  96  11:21  Spire  
  96  11:22  Spore Crawler  
  94  11:27  Spore Crawler  
  94  11:28  Drone x3  
  94  11:31  Drone x3  
  99  11:33  Drone x3  
  101  12:04  Drone x3  
  101  12:07  Drone x3  
  107  12:09  Drone  
  107  12:10  Drone x2  
  107  12:13  Hydralisk  
  112  12:15  Overlord x2  
  112  12:20  Overseer  
  112  12:22  Pneumatized Carapace  
  112  12:25  Burrow  
  112  12:32  Extractor  
  111  12:38  Greater Spire  
  111  12:39  Corruptor x3  
  111  12:41  Zergling x2  
  111  12:43  Roach, Hydralisk  
  122  12:44  Corruptor  
  122  12:45  Mutalisk x2  
  122  12:48  Overlord x2  
  122  12:49  Overlord  
  128  12:54  Overlord  
  128  13:21  Drone  
  128  13:23  Evolution Chamber, Hydralisk x2  
  128  13:25  Roach, Mutalisk  
  128  13:26  Roach x2, Hydralisk  
  79  13:51  Roach x4  
  79  13:53  Hydralisk x2  
  79  13:55  Roach x3, Hydralisk x2  
  87  14:03  Brood Lord x3  
  87  14:05  Drone x2  
  87  14:06  Drone  
Show
View Real Time Build Order
Export as new Build Order

StarLord Protoss - Winner!

Build Orders:  

Get SALT Encoding   

  12  0:01  Probe (Chrono Boost)  
  13  0:11  Probe (Chrono Boost)  
  14  0:18  Pylon  
  14  0:23  Probe (Chrono Boost)  
  15  0:37  Probe (Chrono Boost)  
  15  0:40  Gateway  
  16  0:47  Probe (Chrono Boost)  
  17  0:50  Assimilator  
  17  1:13  Probe (Chrono Boost)  
  18  1:24  Probe (Chrono Boost)  
  19  1:29  Forge  
  19  1:30  Gateway  
  19  1:46  Nexus  
  18  1:49  Probe (Chrono Boost)  
  19  2:02  Cybernetics Core  
  19  2:15  Assimilator  
  19  2:17  Pylon  
  19  2:19  Probe (Chrono Boost)  
  20  2:35  Photon Cannon  
  20  2:36  Probe (Chrono Boost)  
  21  2:45  Adept  
  21  2:46  Probe (Chrono Boost)  
  21  2:48  Stalker  
  26  2:53  Warp Gate  
  26  2:57  Probe (Chrono Boost)  
  27  3:00  Probe (Chrono Boost)  
  28  3:07  Probe (Chrono Boost)  
  28  3:11  Probe (Chrono Boost)  
  30  3:21  Adept  
  30  3:25  Probe x2 (Chrono Boost)  
  34  3:35  Probe (Chrono Boost)  
  34  3:37  Robotics Facility  
  34  3:38  Probe (Chrono Boost)  
  36  3:44  Pylon  
  36  3:54  Probe x2 (Chrono Boost)  
  38  4:01  Twilight Council  
  38  4:03  Gateway  
  38  4:04  Probe (Chrono Boost)  
  39  4:12  Probe (Chrono Boost)  
  40  4:18  Gateway  
  40  4:23  Gateway  
  40  4:24  Probe (Chrono Boost)  
  40  4:27  Warp Prism (Chrono Boost)  
  43  4:42  Gateway  
  43  4:43  Pylon  
  39  5:01  Immortal (Chrono Boost)  
  39  5:06  Adept  
  45  5:21  Mothership Core  
  47  5:43  Adept x2  
  51  6:31  Gateway  
  51  6:33  Pylon  
  51  6:34  Cybernetics Core  
  51  6:45  Resonating Glaives (Chrono Boost)  
  51  7:08  Dark Shrine  
  51  7:09  Probe  
  51  7:10  Gateway x2  
  51  7:11  Assimilator, Probe  
  51  7:13  Gateway  
  51  7:14  Assimilator  
  53  7:17  Adept x4, Stargate  
  61  7:23  Probe  
  62  7:38  Robotics Facility  
  62  7:41  Pylon  
  62  7:45  Pylon  
  62  7:48  Pylon  
  62  7:55  Probe  
  62  7:57  Probe  
  62  8:06  Probe  
  63  8:28  Dark Templar x4  
  63  8:29  Dark Templar  
  69  8:52  Immortal, Probe  
  69  8:54  Probe  
  73  9:03  Probe  
  73  9:06  Probe  
  71  9:13  Probe  
  68  9:22  Dark Templar x5  
  78  9:26  Archon x2  
  78  9:28  Adept x3  
  84  9:34  Probe  
  84  9:35  Probe  
  86  9:50  Nexus  
  86  9:51  Pylon  
  86  9:53  Pylon  
  86  9:55  Pylon  
  86  10:03  Pylon  
  86  10:07  Pylon  
  86  10:08  Pylon  
  86  10:09  Void Ray (Chrono Boost)  
  86  10:10  Immortal  
  94  10:19  Dark Templar  
  96  10:21  Pylon  
  96  10:22  Zealot x4  
  96  10:23  Zealot x3  
  96  10:25  Pylon  
  110  10:28  Pylon  
  110  10:40  Probe  
  110  10:41  Probe  
  112  10:47  Void Ray (Chrono Boost)  
  112  10:49  Charge  
  116  10:59  Immortal  
  120  11:05  Probe  
  120  11:07  Probe  
  122  11:21  Probe  
  122  11:23  Assimilator, Probe  
  122  11:24  Assimilator  
  124  11:26  Dark Templar x4  
  124  11:29  Archon  
  124  11:30  Archon x2  
  132  11:41  Zealot x4  
  132  12:06  Forge  
  132  12:08  Probe x2  
  132  12:10  Gateway, Probe  
  132  12:11  Gateway  
  132  12:13  Immortal, Gateway  
  139  12:17  Sentry x3  
  139  12:18  Probe, Zealot x2  
  139  12:19  Zealot x3  
  156  12:38  Protoss Ground Weapons Level 1  
  156  13:01  Dark Templar x5  
  156  13:02  Dark Templar  
  156  13:05  Nexus, Archon x2  
  168  13:06  Pylon, Archon  
  168  13:07  Pylon  
  168  13:10  Pylon  
  160  13:36  Zealot x6  
  160  13:37  Zealot x2  
  144  14:02  Stalker x3  
  148  14:03  Stalker x5  
  148  14:09  Probe x2  
  158  14:10  Probe  
  161  14:19  Probe  
  161  14:22  Probe  
  163  14:28  Zealot x6  
  163  14:29  Zealot x2  
  167  14:56  Assimilator  
Tags
 
League
GoldGold
Matchup
PvZ
Opening
Pool First
Spawn Locations
Cross Positions
Add a new tag
Caveats
  • Supply blocks, unpowered buildings, or Contaminate may cause inaccurate times.
  • Supply counts are checked every 10 seconds.